General information
- name: BNet
- type: Ladder 1vs1/FFA
- host: Battle.net
- saver: bygoditsanegro
map: BrokenShard
- players: 2
- length: 27:53
- speed: Fast
- version: 1.23 W3XP
- replay type: Public
» download(80 KB)
Players
team 1 (winner)
bygoditsanegro (
orange | 56 APM | 1562 actions | 27:53)
10 Warden
3 Shadow Strike
3 Blink
1 Spirit of Vengeance
3 Fan of Knives
» actions
| Assign group hotkey | 57 | |
| Basic commands | 17 | |
| Build / train | 84 | |
| ESC pressed | 2 | |
| Enter build submenu | 19 | |
| Enter hero's abilities submenu | 10 | |
| Give item / drop item | 1 | |
| Remove unit from queue | 1 | |
| Right click | 495 | |
| Select / deselect | 520 | |
| Select group hotkey | 216 | |
| Use ability | 140 | |
1562 total
» units
| Wisp | 19 | |
| Huntress | 6 | |
| Druid of the Claw | 11 | |
| Dryad | 21 | |
57 total
» upgrades
| Druid of the Claw Training | 2 | |
| Strength of the Wild | 3 | |
| Ultravision | 1 | |
| Reinforced Hides | 2 | |
| Abolish Magic | 1 | |
9 total
» buildings
| Altar of Elders | 1 | |
| Moon Well | 6 | |
| Hunter's Hall | 1 | |
| Ancient of War | 3 | |
| Tree of Ages | 1 | |
| Ancient of Lore | 2 | |
| Tree of Eternity | 1 | |
| Tree of Life | 1 | |
| Ancient of Wonders | 1 | |
17 total
» build order
00:06 Altar of Elders
00:17 Moon Well
01:36 Hunter's Hall
01:38 Ancient of War
01:47 Moon Well
02:04 Moon Well
02:32 Ancient of War
03:28 Ancient of War
04:03 Tree of Ages
06:41 Ancient of Lore
06:43 Ancient of Lore
07:28 Tree of Eternity
07:42 Moon Well
07:48 Moon Well
08:24 Moon Well
18:14 Tree of Life
20:17 Ancient of Wonders
» items
| Orb of Venom | 1 | |
| Scroll of Town Portal | 1 | |
2 total
team 2 (loser)
Moochie (
red | 66 APM | 1837 actions | 27:51)
6 Blademaster
2 Wind Walk
3 Critical Strike
1 Bladestorm
6 Shadow Hunter
2 Healing Wave
3 Hex
1 Big Bad Voodoo
» actions
| Assign group hotkey | 45 | |
| Build / train | 98 | |
| Enter build submenu | 15 | |
| Enter hero's abilities submenu | 12 | |
| Give item / drop item | 2 | |
| Remove unit from queue | 3 | |
| Right click | 1019 | |
| Select / deselect | 360 | |
| Select group hotkey | 158 | |
| Use ability | 124 | |
1837 total
» units
| Peon | 14 | |
| Grunt | 9 | |
| Raider | 2 | |
| Troll Witch Doctor | 2 | |
| Wind Rider | 19 | |
46 total
» upgrades
| Berserker Strength | 1 | |
| Ensnare | 1 | |
| Witch Doctor Training | 2 | |
| Armor | 1 | |
5 total
» buildings
| Altar of Storms | 1 | |
| Orc Burrow | 6 | |
| Barracks | 1 | |
| Voodoo Lounge | 2 | |
| Stronghold | 1 | |
| War Mill | 1 | |
| Beastiary | 2 | |
| Spirit Lodge | 1 | |
| Fortress | 1 | |
16 total
» build order
00:09 Altar of Storms
00:21 Orc Burrow
00:37 Barracks
01:36 Orc Burrow
02:04 Voodoo Lounge
03:34 Stronghold
04:19 Orc Burrow
04:39 War Mill
06:32 Beastiary
06:37 Spirit Lodge
06:57 Orc Burrow
08:02 Fortress
10:45 Beastiary
11:21 Orc Burrow
11:54 Orc Burrow
24:47 Voodoo Lounge
» items
| Healing Salve | 5 | |
| Lesser Clarity Potion | 8 | |
| Scroll of Speed | 2 | |
| Potion of Mana | 2 | |
| Potion of Healing | 5 | |
| Orb of Lightning | 1 | |
| Tiny Great Hall | 1 | |
24 total
Chat log
(27:46 / All) Moochie: gg
(27:48 / All) bygoditsanegro: gg